 Dungeon Crawl Stone Soup version 0.31.0-9-g3a7656b989 (webtiles) character file.

Game seed: 4895401280583981875

238152 Colgate the Eclecticist (level 18, -14/151 HPs)
             Began as a Demonspawn Cinder Acolyte on Feb 1, 2024.
             Was a Believer of Ignis.
             Blown up by Boris (82 damage)
             ... with an orb of destruction
             ... on level 2 of the Vaults on Feb 2, 2024.
             The game lasted 08:39:05 (123826 turns).

Colgate the Eclecticist (DsCA)                    Turns: 123826, Time: 08:39:05

Health: -14/151    AC: 20    Str:  8    XL:     18   Next: 98%
Magic:  11/38      EV: 12    Int: 34    God:    Ignis [**....]
Gold:   134        SH:  6    Dex: 10    Spells: 12/49 levels left

rFire   + . .        b - staff of death
rCold   . . .        w - +1 buckler of Beogh's Hope {rN+ Stlth+}
rNeg    + + +        V - +2 leather armour of Objectivity {rN+ Will+ Str-4}
rPois   +            f - +2 hat {Will+}
rElec   .            (cloak unavailable)
rCorr   .            B - +2 pair of gloves
SInv    .            N - +5 pair of boots of Sitonkoe {rPois rN+}
Will    ++...        M - amulet of magic regeneration
Stlth   ++++         p - ring of Beogh's Inspiration {Fly Will- Str-2 Int+6 Stlth+}
HPRegen 0.45/turn    d - +6 ring of intelligence
MPRegen 0.66/turn

%: no passive effects
@: swift (expiring), flying, studying Axes, quick
A: powered by death 3, robust 1, spiny 1, sharp scales 3, weakness stinger 3
}: 1/15 runes: decaying
a: Renounce Religion, Fiery Armour, Foxfire Swarm, Rising Flame


You were on level 2 of the Vaults.
You worshipped Ignis.
Ignis was pleased with you.
You visited 7 branches of the dungeon, and saw 32 of its levels.

You collected 4580 gold pieces.
You spent 4446 gold pieces at shops.

Inventory:

Hand Weapons
 a - the +6 whip of Ancient Evil {flame, Str-5 Int+5}
   (You found it on level 2 of the Lair of Beasts)

   Str-5:     It affects your strength (-5).
   Int+5:     It affects your intelligence (+5).
 H - the +2 falchion "Omeul" {elec, rElec Will++ Int-3 Dex+3}
   (You found it on level 9 of the Dungeon)

   Int-3:     It affects your intelligence (-3).
   Dex+3:     It affects your dexterity (+3).
   rElec:     It insulates you from electricity.
   Will++:    It greatly increases your willpower.
 U - the +8 mace "Wubuvew" {venom, rCorr Dex+3}
   (You took it off a deep elf death mage on level 3 of the Elven Halls)

   Dex+3:     It affects your dexterity (+3).
   rCorr:     It protects you from acid and corrosion.
Missiles
 v - 5 silver javelins
 O - 3 curare-tipped darts
 W - a throwing net {!f}
 Y - 5 javelins
 Z - 4 datura-tipped darts
Armour
 f - a +2 hat of willpower (worn)
 w - the +1 buckler of Beogh's Hope (worn) {rN+ Stlth+}
   (You found it on level 6 of the Dungeon)

   rN+:       It protects you from negative energy.
   Stlth+:    It makes you more stealthy.
 B - a +2 pair of gloves (worn)
 N - the +5 pair of boots of Sitonkoe (worn) {rPois rN+}
   (You acquired it on level 1 of the Elven Halls)

   rPois:     It protects you from poison rN+: It protects you from negative
   energy.
 V - the +2 leather armour of Objectivity (worn) {rN+ Will+ Str-4}
   (You bought it in a shop on level 2 of the Vaults)

   Str-4:     It affects your strength (-4).
   rN+:       It protects you from negative energy.
   Will+:     It increases your willpower.
Magical Staves
 b - a staff of death (weapon)
 L - the staff of Honour {rF+ rC+ rN+ rCorr Int-5 Dex+3 Ice}
   (You found it on level 3 of the Elven Halls)

   [staff of cold]

   Base accuracy: +5 Base damage: 5 Base attack delay: 1.2 This weapon's minimum
   attack delay (0.6) is reached at skill level 12.
   Int-5:     It affects your intelligence (-5).
   Dex+3:     It affects your dexterity (+3).
   rF+:       It protects you from fire.
   rC+:       It protects you from cold.
   rN+:       It protects you from negative energy.
   rCorr:     It protects you from acid and corrosion.
   Ice:       It increases the power of your Ice spells.
   It falls into the 'Staves' category.
   It is a one-handed weapon.
Jewellery
 d - a +6 ring of intelligence (right hand)
 p - the ring of Beogh's Inspiration (left hand) {Fly Will- Str-2 Int+6 Stlth+}
   (You took it off a deep elf sorcerer on level 3 of the Elven Halls)

   [ring of intelligence]

   Str-2:     It affects your strength (-2).
   Int+6:     It affects your intelligence (+6).
   Will-:     It decreases your willpower.
   Fly:       It grants you flight.
   Stlth+:    It makes you more stealthy.
 u - a ring of resist corrosion
 K - a ring of willpower
 M - an amulet of magic regeneration (around neck)
 Q - a ring of fire
 S - the ring "Degys" {rPois rF++ Will+ MP-9 Dex+3}
   (You found it on level 3 of the Dungeon)

   [ring of willpower]

   Dex+3:     It affects your dexterity (+3).
   rF++:      It greatly protects you from fire.
   rPois:     It protects you from poison Will+: It increases your willpower.
   MP-9:      It affects your magic capacity (-9).
 X - a ring of ice
Wands
 l - a wand of roots (19) {@v2}
 m - a wand of paralysis (34)
 s - a wand of mindburst (12)
 z - a wand of polymorph (11)
 G - a wand of light (12) {@v1}
 I - a wand of digging (15) {@v3}
Scrolls
 c - 3 scrolls of blinking {@r4}
 e - a scroll of revelation
 g - a scroll of vulnerability
 o - 5 scrolls of fear
 r - 9 scrolls of identify {@r1}
 x - 2 scrolls of butterflies
 A - 2 scrolls of poison
 E - 4 scrolls of fog
 F - 7 scrolls of teleportation {@r3}
 J - a scroll of silence
Potions
 h - 4 potions of magic
 i - 5 potions of haste {@q4}
 j - 9 potions of heal wounds {@q2}
 k - 11 potions of curing {@q1}
 n - 4 potions of enlightenment
 q - 4 potions of ambrosia
 y - 8 potions of lignification
 C - a potion of cancellation
 D - 7 potions of brilliance
 P - 4 potions of resistance {@q5}
 R - 7 potions of invisibility
Miscellaneous
 t - a condenser vane
 T - a box of beasts


   Skills:
 - Level 11.2 Fighting
 - Level 3.4 Polearms
 - Level 5.5 Armour
 - Level 5.2 Dodging
 - Level 4.1 Stealth
 - Level 5.0 Shields
 - Level 16.0 Spellcasting
 - Level 11.0 Conjurations
 - Level 9.0 Necromancy
 - Level 10.0 Fire Magic
 - Level 7.0 Ice Magic
 - Level 7.0 Air Magic
 - Level 9.0 Earth Magic
 - Level 5.0 Evocations
 + Level 13.0 Shapeshifting


You had 12 spell levels left.
You knew the following spells:

 Your Spells              Type           Power      Damage    Failure   Level
a - Passwall              Erth           73%        N/A       1%          3
b - Stone Arrow           Conj/Erth      100%       3d13      1%          3
c - Borgnjor's Vile Clut  Necr/Erth      46%        N/A       1%          5
d - Dispel Undead         Necr           93%        3d29      1%          4
e - Hailstorm             Conj/Ice       73%        3d13      1%          3
f - Ozocubu's Armour      Ice            66%        N/A       1%          3
g - Swiftness             Air            66%        N/A       1%          3
h - Sublimation of Blood  Necr           93%        N/A       1%          2
i - Freezing Cloud        Conj/Ice/Air   35%        6-21      2%          5
j - Starburst             Conj/Fire      39%        6d11      6%          6

Your spell library contained the following spells:

 Spells                   Type           Power      Damage    Failure   Level
 Kiss of Death            Conj/Necr      100%       2d13      1%          1
 Necrotise                Necr           100%       1d9       1%          1
 Sting                    Conj/Alch      100%       1d9       1%          1
 Cigotuvi's Dreadful Rot  Necr/Alch/Air  100%       N/A       1%          2
 Ensorcelled Hibernation  Hex/Ice        100%       N/A       1%          2
 Mercury Vapours          Alch/Air       100%       N/A       1%          2
 Scorch                   Fire           100%       2d9       1%          2
 Dazzling Flash           Conj/Hex       100%       N/A       1%          3
 Frozen Ramparts          Ice            100%       1d16      1%          3
 Mephitic Cloud           Conj/Alch/Air  62%        N/A       1%          3
 Summon Ice Beast         Ice/Summ       50%        N/A       1%          3
 Vampiric Draining        Necr           93%        2d12      1%          3
 Volatile Blastmotes      Fire/Tloc      100%       2d18      1%          3
 Animate Dead             Necr           93%        N/A       1%          4
 Curse of Agony           Necr           93%        N/A       1%          5
 Iskenderun's Battlesphe  Conj           80%        2d13      1%          5
 Lee's Rapid Deconstruct  Erth           36%        3d18*     1%          5
 Ignite Poison            Fire/Alch      57%        N/A       3%          4
 Iskenderun's Mystic Bla  Conj/Tloc      59%        2d12      3%          4
 Sticky Flame             Fire/Alch      57%        2d10      3%          4
 Call Imp                 Summ           54%        N/A       4%          2
 Lesser Beckoning         Tloc           54%        N/A       4%          2
 Animate Armour           Summ/Erth      100%       N/A       4%          4
 Leda's Liquefaction      Alch/Erth      27%        N/A       4%          4
 Martyr's Knell           Necr/Summ      72%        N/A       4%          4
 Petrify                  Alch/Erth      55%        N/A       4%          4
 Summon Lightning Spire   Summ/Air       50%        N/A       7%          4
 Confusing Touch          Hex            27%        N/A       9%          3
 Gell's Gravitas          Tloc           27%        N/A       9%          3
 Teleport Other           Tloc           27%        N/A       9%          3
 Metabolic Englaciation   Hex/Ice        25%        N/A       19%         5
 Olgreb's Toxic Radiance  Alch           27%        N/A       28%         4
 Alistair's Intoxication  Alch           18%        N/A       63%         5
 Summon Forest            Summ/Tloc      13%        N/A       63%         5
 Sculpt Simulacrum        Ice/Alch       25%        N/A       71%         6
 Ozocubu's Refrigeration  Ice            33%        4d14      80%         7
 Ignition                 Fire           38%        3d11      97%         8
 Lehudib's Crystal Spear  Conj/Erth      38%        10d10     97%         8
 Haunt                    Necr/Summ      36%        N/A       98%         7
 Dispersal                Tloc           13%        N/A       99%         6
 Eringya's Noxious Bog    Alch           13%        4d6       99%         6
 Infestation              Necr           46%        N/A       99%         8
 Summon Hydra             Summ           13%        N/A       100%        7
 Maxwell's Capacitive Co  Air            33%        ∞         100%        8
 Polar Vortex             Ice            33%        12d4*     100%        9


Dungeon Overview and Level Annotations

Branches:
Dungeon (15/15)            Temple (1/1) D:6            Lair (5/5) D:11
  Swamp (4/4) Lair:3       Spider (0/4) Lair:2        Slime (0/5) Lair:4
    Orc (2/2) D:10            Elf (3/3) Orc:2 Zot: 799  Vaults (2/5) D:14
 Depths (0/4) D:15
  Crypt: Vaults:2-3

Altars:
Ashenzari
Cheibriados
Dithmenos
Fedhas
Gozag
Hepliaklqana
Kikubaaqudgha
Makhleb
Nemelex Xobeh
Okawaru
Qazlal
Ru
Sif Muna
Trog
Uskayaw
Vehumet
Wu Jian
Xom
Yredelemnul
Jiyva

Shops:
D:1 (   D:2 :   D:6 !   D:8 (   D:9 (   Orc:2 =(:[   Elf:2 *   Vaults:1 ?
Vaults:2 [

Portals:
Abyss: D:11
Trove: D:14 (give 17 scrolls of teleportation)

Annotations:
D:1 MWU alttari
D:10 IUV NQJ alttarit
D:11 2 transporters, snadeaben's ghost, journeyman TrFi
D:13 2 transporters, OceanMan's ghost, journeyman MiFi
Swamp:3 1 runed translucent door, Feesont's ghost, adept HuWr
Elf:2 3 runed translucent doors
Vaults:2 Boris


Innate Abilities, Weirdness & Mutations

You regenerate a lot of health from kills.
You are robust. (+10% HP)
You are partially covered in sharp spines.
You are completely covered in razor-sharp scales. (AC +3, Slay +3)
You have a sharp stinger which inflicts weakening toxins.


Message History

Aiming: Borgnjor's Vile Clutch (mildly dangerous; 1% risk of failure)
Press: ? - help, Q - select action, (/) - cycle Shift-Dir - straight line, f/p - Boris
Aim: Boris, wearing a +2 robe of cold resistance (lightly damaged, 100% to hit)
You feel a surge of power!
Zombie hands grab Boris.
The zombie hands constrict Boris.
Boris struggles to escape constriction.
Casting: Borgnjor's Vile Clutch (mildly dangerous; 1% risk of failure)
Confirm with . or Enter, or press ? or * to list all spells.
Casting: Starburst (dangerous; 6% risk of failure)
Press: ? - help, Dir - look around, f - activate The bolt of fire hits Boris!!
The zombie hands constrict Boris.
Boris struggles to escape constriction.
Casting: Starburst (dangerous; 6% risk of failure)
Confirm with . or Enter, or press ? or * to list all spells.
Casting: Starburst (dangerous; 6% risk of failure)
Press: ? - help, Dir - look around, f - activate The bolt of fire hits Boris!!!
The zombie hands constrict Boris.
Boris escapes!
Aiming: Borgnjor's Vile Clutch (mildly dangerous; 1% risk of failure)
Press: ? - help, Q - select action, (/) - cycle Shift-Dir - straight line, f - Boris
Aim: Boris, wearing a +2 robe of cold resistance (heavily damaged, 100% to hit)
You feel a surge of power!
Zombie hands grab Boris.
The zombie hands constrict Boris.
Boris struggles to escape constriction.
Casting: Borgnjor's Vile Clutch (mildly dangerous; 1% risk of failure)
Confirm with . or Enter, or press ? or * to list all spells.
Casting: Starburst (dangerous; 6% risk of failure)
Press: ? - help, Dir - look around, f - activate The bolt of fire hits Boris!!
The zombie hands constrict Boris!
Boris conjures an orb of pure magic.
An orb of destruction comes into view.
The zombie hands constrict Boris, but do no damage.
The zombie hands constrict Boris.
Boris casts a spell at you. The bolt of cold hits you!!!
The zombie hands constrict Boris.
Boris escapes!
You start to feel a little slower.
The orb of destruction hits you!!!!
Ouch! That really hurt!
You die...
Boris says, "I'd like to see you come back from this one."

#.#'###.'...#.....# #..........
#○°○§§#.#...#.....# #..........
##.§...###...#...L.######'#######
.§§○○...[[...#...°.#...........#
L#############....°#......[....#
.# #....○#.....[.[...## .#
#....°#...##'##...#. .#
#....☼#####...#####. .#
#..@☼.#.[.<.......#. .#
#.?)(.'[..........#. .#
#...))#####...#####.
##############.....#...##'##...'.
...................#......[....#.
...................#......)[)..#.
...................#........)..#.
...................#########)###.
...................# #....[.###


You could see Boris.

Vanquished Creatures
  Rupert (D:15)
  Jorgrun (D:12)
  2 deep elf blademasters (Elf:3)
  Gastronok (D:12)
  3 deep elf master archers (Elf:3)
  2 thorn hunters
  2 fenstrider witches
  Roxanne (D:14)
  7 deep elf sorcerers
  6 deep elf elementalists (Elf:3)
  A vault warden (Vaults:2)
  5 ironbound preservers
  4 ironbound thunderhulks
  3 orc warlords
  2 eleionomae
  A deep elf demonologist (Elf:3)
  8 deep elf annihilators
  2 deep elf death magi (Elf:3)
  6 bunyips
  4 dire elephants (Vaults:1)
  An ettin (D:10)
  The ghost of hitsuchi the Basher, a journeyman GnCA of Ignis (Lair:2)
  4 deep elf high priests (Elf:3)
  3 shambling mangroves
  An entropy weaver (Vaults:2)
  5 yaktaur captains
  2 great orbs of eyes
  4 ghost crabs
  23 hydras
  2 ironbound frosthearts
  A rakshasa (D:15)
  4 ogre magi (Orc:2)
  A spriggan air mage (Swamp:2)
  Erica (D:10)
  2 boulder beetles
  7 alligators
  15 centaur warriors
  15 two-headed ogres
  12 dancing weapons
  2 orc high priests
  2 spriggan berserkers (Swamp:2)
  6 deep elf knights
  An occultist (D:15)
  2 fire crabs
  A spectral catoblepas (Lair:3)
  7 goliath frogs
  A skyshark (Lair:3)
  6 spriggan druids
  8 swamp dragons (Swamp:4)
  12 deep trolls
  6 bog bodies
  2 spectral hydras (Lair:3)
  4 arcanists
  6 deep elf archers
  9 ironbound convokers
  A necromancer (D:15)
  8 orc knights
  5 lindwurms
  3 orc sorcerers
  30 deep elf zephyrmancers
  21 deep elf pyromancers
  A wolf spider (D:14)
  8 ugly things
  3 will-o-the-wisps
  Maurice (D:7)
  3 cyclopes
  12 elephants
  4 black mambas
  11 vault sentinels
  An unseen horror (shapeshifter) (D:15)
  14 cane toads
  3 gargoyles
  7 rime drakes
  7 komodo dragons
  A kobold demonologist (D:11)
  Maggie (D:6)
  4 unseen horrors
  21 yaktaurs
  3 tengu conjurers
  An efreet (D:15)
  A freezing wraith (D:15)
  A spectral skyshark (Lair:3)
  A polar bear (Lair:5)
  2 bloated husks (Swamp:2)
  9 tyrant leeches
  A merfolk (shapeshifter) (D:14)
  25 hornets
  A harpy skeleton (D:15)
  10 trolls
  24 blink frogs
  A raiju (shapeshifter) (Elf:1)
  8 slime creatures
  2 jumping spiders
  A shadow (D:11)
  2 vampires
  3 wyverns
  19 spriggans
  A water elemental (Elf:1)
  3 centaur simulacra (D:15)
  3 culicivoras (Lair:2)
  A jumping spider (shapeshifter) (D:14)
  3 air elementals
  37 yaks
  A wraith (D:11)
  An unseen horror simulacrum (D:9)
  5 wargs
  4 basilisks
  2 fire elementals
  A yak (shapeshifter) (D:14)
  Grum (D:8)
  6 redbacks
  A redback (shapeshifter) (Elf:2)
  26 vampire mosquitoes
  A steam dragon (D:9)
  11 swamp worms
  10 water moccasins
  3 acid dragons
  12 swamp drakes
  24 orc warriors
  A meliai simulacrum (D:14)
  2 black bears
  A spectral polar bear (Lair:3)
  A sky beast (D:5)
  2 laughing skulls (D:12)
  12 wolves
  23 ogres
  5 boggarts (Vaults:1)
  16 centaurs
  A spectral rime drake (Lair:3)
  3 kobold brigands
  Blork the orc (D:5)
  23 bullfrogs
  3 earth elementals
  4 gnoll sergeants
  A scorpion (D:6)
  2 wights
  2 electric eels
  2 howler monkeys (D:7)
  2 bombardier beetles
  3 lava snakes (Lair:2)
  7 hounds
  2 jellies (D:7)
  4 gnoll boudas
  20 orc priests
  2 iguanas (D:6)
  20 orc wizards
  19 gnolls
  6 adders
  3 shadow imps
  5 white imps
  2 ribbon worms
  12 dart slugs
  96 orcs
  11 endoplasms
  A giant cockroach (D:3)
  14 goblins
  2 hobgoblins (D:1)
  6 jackals (D:1)
  19 kobolds
  4 quokkas
  8 ball pythons
  5 bats
  3 frilled lizards
  4 rats
1068 creatures vanquished.

Vanquished Creatures (others)
  A bunyip (Swamp:2)
  A bloated husk (Swamp:1)
  A water elemental (Elf:3)
  30 foxfires
33 creatures vanquished.

Grand Total: 1101 creatures vanquished

Notes
Turn   | Place    | Note
-------+----------+-------------------------------------------
     0 | D:1      | Colgate the Demonspawn Cinder Acolyte began the quest for
                  | the Orb.
     0 | D:1      | Reached XP level 1. HP: 18/18 MP: 2/2
   113 | D:1      | Gained mutation: You regenerate a little health from kills.
                  | [demonic ancestry]
   113 | D:1      | Reached XP level 2. HP: 22/24 MP: 3/3
   116 | D:1      | Learned a level 2 spell: Scorch
   432 | D:1      | Found a faded altar of an unknown god.
   502 | D:1      | Found Qeskun's Weapon Boutique.
  1043 | D:1      | Reached XP level 3. HP: 29/29 MP: 2/5
  1249 | D:1      | Reached skill level 2 in Spellcasting
  1981 | D:2      | Reached skill level 1 in Conjurations
  2143 | D:2      | Reached XP level 4. HP: 35/35 MP: 2/7
  2938 | D:2      | Found Mekuduoq's Book Shop.
  3321 | D:2      | Learned a level 3 spell: Stone Arrow
  3827 | D:3      | Found an ancient bone altar of Kikubaaqudgha.
  4064 | D:3      | Gained mutation: You are partially covered in razor-sharp
                  | scales. (AC +1, Slay +1) [demonic ancestry]
  4064 | D:3      | Reached XP level 5. HP: 41/41 MP: 8/8
  4227 | D:3      | Identified the ring "Degys" {rPois rF++ Will+ MP-9 Dex+3}
  5519 | D:4      | Reached skill level 1 in Earth Magic
  5520 | D:4      | Noticed an orc warrior
  6349 | D:4      | Noticed a black bear
  6579 | D:4      | Reached XP level 6. HP: 47/47 MP: 2/9
  6963 | D:4      | Found a burning altar of Makhleb.
  7520 | D:5      | Entered Level 5 of the Dungeon
  7656 | D:4      | Killed an orc warrior
  7845 | D:5      | Gained mutation: You have a small tail. [demonic ancestry]
  7845 | D:5      | Reached XP level 7. HP: 52/52 MP: 0/10
  8056 | D:5      | Noticed Blork the orc
  8060 | D:5      | Killed Blork the orc
  8061 | D:5      | Reached skill level 5 in Earth Magic
  9635 | D:5      | Found a shimmering blue altar of Sif Muna.
  9686 | D:6      | Found Sutu's Distillery.
  9695 | D:6      | Reached skill level 3 in Spellcasting
  9695 | D:6      | Gained mutation: You regenerate health from kills. [demonic
                  | ancestry]
  9695 | D:6      | Reached XP level 8. HP: 58/58 MP: 2/13
  9851 | D:6      | Found a staircase to the Ecumenical Temple.
  9860 | Temple   | Entered the Ecumenical Temple
  9904 | D:6      | Reached skill level 4 in Spellcasting
 10476 | D:6      | Reached skill level 5 in Spellcasting
 11042 | D:6      | Reached skill level 6 in Spellcasting
 11118 | D:6      | Identified the +1 buckler of Beogh's Hope {rN+ Stlth+}
 11339 | D:6      | Noticed Maggie
 11350 | D:6      | Killed Maggie
 11351 | D:6      | Reached skill level 7 in Spellcasting
 11724 | D:7      | Gained mutation: You are partially covered in sharp spines.
                  | [demonic ancestry]
 11724 | D:7      | Reached XP level 9. HP: 60/63 MP: 9/19
 12288 | D:7      | Reached skill level 1 in Shields
 12473 | D:7      | Reached skill level 1 in Dodging
 12805 | D:6      | Paralysed by a hornet for 3 turns
 13477 | D:7      | Noticed Maurice
 13854 | D:7      | Found a basalt altar of Yredelemnul.
 13854 | D:7      | Found an iron altar of Okawaru.
 13855 | D:7      | Found a broken altar of Ashenzari.
 13855 | D:7      | Found a blossoming altar of Fedhas.
 13858 | D:7      | Found a hide-covered altar of Uskayaw.
 14617 | D:8      | Found Puczudd's Antique Weapon Shoppe.
 15666 | D:8      | Reached skill level 5 in Shields
 15985 | D:8      | Gained mutation: You are mostly covered in razor-sharp
                  | scales. (AC +2, Slay +2) [demonic ancestry]
 15985 | D:8      | Reached XP level 10. HP: 62/73 MP: 0/20
 16206 | D:8      | Reached skill level 5 in Fighting
 16421 | D:8      | Identified the +0 ring mail of Dongiaj {Will+}
 16459 | D:8      | Noticed Grum
 16550 | D:8      | Killed Grum
 16941 | D:9      | Found a large runed translucent door.
 16941 | D:9      | Found a large runed translucent door.
 17176 | D:9      | Found a sparkling altar of Nemelex Xobeh.
 17332 | D:9      | Reached skill level 1 in Stealth
 17460 | D:9      | Identified the +2 falchion "Omeul" {elec, rElec Will++
                  | Int-3 Dex+3}
 17473 | D:9      | Reached skill level 1 in Evocations
 17497 | D:9      | Found a flagged portal.
 17940 | D:9      | Noticed a cyclops
 17947 | D:9      | Found a large runed translucent door.
 17947 | D:9      | Found a large runed translucent door.
 18140 | D:9      | Found Houceom's Antique Weapon Shoppe.
 18146 | D:9      | Bought a bloodstained dagger for 210 gold pieces
 18146 | D:9      | Identified the +4 dagger "Ajugeuv" {heavy, rElec Str+3
                  | Dex+2} (You bought it in a shop on level 9 of the Dungeon)
 18529 | D:9      | Reached skill level 8 in Spellcasting
 18666 | D:9      | Found a sacrificial altar of Ru.
 19310 | D:9      | Found an ornate altar of the Wu Jian Council.
 19515 | D:9      | Noticed a centaur warrior
 19709 | D:10     | Entered Level 10 of the Dungeon
 20143 | D:10     | Found a staircase to the Orcish Mines.
 20477 | D:10     | Found a hazy altar of Hepliaklqana.
 20610 | D:10     | Reached XP level 11. HP: 66/84 MP: 5/23
 20926 | D:10     | Noticed Erica
 21181 | D:10     | Found a shimmering altar of Xom.
 21181 | D:10     | Found a faded altar of an unknown god.
 21186 | D:10     | Found a shadowy altar of Dithmenos.
 21188 | D:10     | Found a stormy altar of Qazlal.
 21189 | D:10     | Found a faded altar of an unknown god.
 21344 | D:7      | Maurice stole a +3 dagger of venom
 21346 | D:7      | Maurice stole 30 poisoned darts
 21529 | D:7      | Maurice stole the ring "Degys" {rPois rF++ Will+ MP-9
                  | Dex+3}
 21708 | D:7      | Maurice stole 70 gold
 21719 | D:7      | Killed Maurice
 22008 | D:7      | Found a basalt altar of Yredelemnul.
 22008 | D:7      | Found an iron altar of Okawaru.
 22009 | D:7      | Found a broken altar of Ashenzari.
 22009 | D:7      | Found a blossoming altar of Fedhas.
 22012 | D:7      | Found a hide-covered altar of Uskayaw.
 23094 | D:11     | Found a one-way gate to the infinite horrors of the Abyss.
 23094 | D:11     | Noticed snadeaben's ghost (journeyman TrFi)
 23100 | D:11     | Found a transporter.
 23104 | D:11     | Found a transporter.
 23131 | D:11     | Noticed a fire crab
 23179 | D:11     | Reached skill level 9 in Spellcasting
 23339 | D:11     | Reached skill level 1 in Necromancy
 23358 | D:11     | Noticed an occultist
 23996 | D:2      | Bought Great Wizards, Vol. II for 494 gold pieces
 24002 | D:2      | Learned a level 5 spell: Borgnjor's Vile Clutch
 25045 | D:11     | Found a staircase to the Lair.
 25511 | D:10     | Killed Erica
 25825 | D:9      | Got the Secrets of Frostbound Summoning
 25865 | D:9      | Reached skill level 5 in Necromancy
 26077 | D:9      | Found a large runed translucent door.
 26077 | D:9      | Found a large runed translucent door.
 26196 | D:9      | Noticed a centaur warrior
 26209 | D:9      | Found a sparkling altar of Nemelex Xobeh.
 26434 | D:9      | Found an ornate altar of the Wu Jian Council.
 26710 | D:9      | Found Houceom's Antique Weapon Shoppe.
 26873 | D:9      | Found a sacrificial altar of Ru.
 26911 | D:9      | Killed a centaur warrior
 27199 | D:9      | Killed a centaur warrior
 27312 | D:9      | Found Houceom's Antique Weapon Shoppe.
 27475 | D:9      | Found a sacrificial altar of Ru.
 27735 | D:9      | Found a large runed translucent door.
 27735 | D:9      | Found a large runed translucent door.
 27863 | D:9      | Found a sparkling altar of Nemelex Xobeh.
 27891 | D:9      | Found an ornate altar of the Wu Jian Council.
 28173 | Orc:1    | Entered Level 1 of the Orcish Mines
 29508 | Orc:2    | Entered Level 2 of the Orcish Mines
 29509 | Orc:2    | Noticed an orc warlord
 29685 | Orc:2    | Noticed an ettin
 30467 | D:12     | Noticed a two-headed ogre
 30694 | D:11     | Noticed a centaur warrior
 30997 | D:12     | Noticed Gastronok
 31040 | D:12     | Noticed Jorgrun
 31066 | D:12     | Reached skill level 1 in Armour
 31224 | D:11     | Killed a fire crab
 31391 | Lair:1   | Entered Level 1 of the Lair of Beasts
 31544 | Lair:1   | Gained mutation: You have a tail ending in a sharp stinger.
                  | [demonic ancestry]
 31544 | Lair:1   | Reached XP level 12. HP: 91/91 MP: 3/25
 34825 | Lair:2   | Found a hole to the Spider Nest.
 35275 | Lair:2   | Learned a level 3 spell: Passwall
 35289 | Lair:2   | Noticed hitsuchi's ghost (journeyman GnCA)
 35290 | Lair:2   | Found a runed translucent door.
 35537 | Lair:2   | Found a runed translucent door.
 35626 | Lair:2   | Reached skill level 10 in Spellcasting
 35789 | Lair:2   | Identified the +6 whip of Ancient Evil {flame, Str-5 Int+5}
 35817 | Lair:2   | Found a runed translucent gate.
 35817 | Lair:2   | Found a runed translucent gate.
 35817 | Lair:2   | Found a runed translucent gate.
 35817 | Lair:2   | Found a runed translucent gate.
 35817 | Lair:2   | Found a runed translucent gate.
 35817 | Lair:2   | Found a runed translucent gate.
 35817 | Lair:2   | Noticed a boulder beetle
 35887 | Lair:2   | Found a hole to the Spider Nest.
 36319 | Lair:2   | Found a runed translucent door.
 37727 | Lair:3   | Noticed a six-headed hydra
 37733 | Lair:3   | Killed a six-headed hydra
 37734 | Lair:3   | Reached skill level 11 in Spellcasting
 38130 | Lair:3   | Noticed a seven-headed hydra
 38142 | Lair:3   | Killed a seven-headed hydra
 38806 | Lair:3   | Reached XP level 13. HP: 100/101 MP: 19/28
 38956 | Lair:3   | Reached skill level 12 in Spellcasting
 39961 | Lair:3   | Found a staircase to the Swamp.
 41480 | Lair:4   | Reached skill level 13 in Spellcasting
 42721 | Lair:3   | Reached skill level 5 in Conjurations
 46081 | Lair:3   | Learned a level 4 spell: Dispel Undead
 46085 | Lair:3   | Learned a level 3 spell: Hailstorm
 46166 | D:11     | Reached skill level 1 in Ice Magic
 46392 | D:9      | Found a large runed translucent door.
 46392 | D:9      | Found a large runed translucent door.
 46408 | D:9      | Found a large runed translucent door.
 46408 | D:9      | Found a large runed translucent door.
 46490 | D:9      | Found Houceom's Antique Weapon Shoppe.
 46653 | D:9      | Found a sacrificial altar of Ru.
 46854 | D:9      | Found a sparkling altar of Nemelex Xobeh.
 47111 | D:9      | Found an ornate altar of the Wu Jian Council.
 47489 | Lair:4   | Learned a level 3 spell: Ozocubu's Armour
 48513 | Lair:4   | Found a staircase to the Slime Pits.
 48514 | Lair:4   | Found a viscous altar of Jiyva.
 48996 | Lair:4   | Found a staircase to the Slime Pits.
 48997 | Lair:4   | Found a viscous altar of Jiyva.
 49552 | Lair:5   | Entered Level 5 of the Lair of Beasts
 50402 | Lair:4   | Reached skill level 5 in Ice Magic
 50444 | Lair:4   | Learned a level 3 spell: Swiftness
 50553 | Lair:4   | Reached skill level 1 in Air Magic
 51725 | D:2      | Bought a book of Blood for 364 gold pieces
 51728 | D:2      | Learned a level 2 spell: Sublimation of Blood
 52641 | Lair:4   | Gained mutation: You are robust. (+10% HP) [demonic
                  | ancestry]
 52641 | Lair:4   | Reached XP level 14. HP: 101/118 MP: 21/31
 53774 | Lair:5   | Reached skill level 5 in Air Magic
 54921 | Lair:5   | Identified the +8 dagger "Moseita" {freeze, Will+}
 54925 | Lair:5   | Identified a scroll of acquirement
 55330 | Lair:4   | Acquired 1061 gold pieces
 55609 | D:2      | Bought a Trismegistus Codex for 364 gold pieces
 55615 | D:2      | Learned a level 5 spell: Freezing Cloud
 55739 | D:8      | Bought an ichor-stained longbow for 322 gold pieces
 55739 | D:8      | Identified the +6 longbow "Sirism" {flame, rC+ Str+3 Dex-4}
                  | (You bought it in a shop on level 8 of the Dungeon)
 59891 | D:6      | Bought 2 potions of berserk rage for 120 gold pieces
 59891 | D:6      | Bought a potion of lignification for 36 gold pieces
 60632 | D:12     | You fall into a shaft and drop 3 floors!
 60632 | D:15     | Entered Level 15 of the Dungeon
 61110 | D:14     | Found a portal to a secret trove of treasure.
 64047 | D:14     | Noticed an orc warlord
 64075 | D:14     | Killed an orc warlord
 66032 | D:14     | Found a sparkling altar of Nemelex Xobeh.
 66071 | D:14     | Found a gate to the Vaults.
 66324 | D:13     | Noticed OceanMan's ghost (journeyman MiFi)
 66903 | D:13     | Found a transporter.
 66906 | D:13     | Found a transporter.
 68598 | D:13     | Found a transporter.
 68602 | D:13     | Found a transporter.
 69137 | D:14     | Noticed Roxanne
 69324 | D:15     | Noticed Rupert
 69329 | D:15     | Killed Rupert
 69554 | D:15     | Reached skill level 5 in Dodging
 70293 | D:15     | Gained mutation: You have a sharp stinger which inflicts
                  | weakening toxins. [demonic ancestry]
 70293 | D:15     | Reached XP level 15. HP: 124/124 MP: 21/32
 70954 | D:15     | Found a radiant altar of Vehumet.
 71412 | D:15     | Reached skill level 10 in Fighting
 71720 | D:15     | Found a staircase to the Depths.
 72215 | D:10     | Found a hazy altar of Hepliaklqana.
 72302 | D:10     | Found a staircase to the Orcish Mines.
 72454 | D:10     | Found a shimmering altar of Xom.
 72454 | D:10     | Found a faded altar of an unknown god.
 72460 | D:10     | Found a shadowy altar of Dithmenos.
 72462 | D:10     | Found a faded altar of an unknown god.
 72464 | D:10     | Found a stormy altar of Qazlal.
 74157 | Orc:2    | Reached skill level 14 in Spellcasting
 75166 | Orc:2    | Found Qevvil Nafa's Armour Boutique.
 75166 | Orc:2    | Found Humamu's Book Shoppe.
 75167 | Orc:2    | Found Foschuro's Weapon Shoppe.
 75167 | Orc:2    | Found Leby Buxt's Jewellery Shop.
 75209 | Orc:2    | Found a staircase to the Elven Halls.
 75921 | D:12     | Killed Jorgrun
 76086 | D:12     | Killed Gastronok
 76414 | Orc:2    | Bought an amulet of regeneration for 450 gold pieces
 77310 | Swamp:1  | Entered Level 1 of the Swamp
 78073 | Swamp:1  | Reached skill level 15 in Spellcasting
 80076 | Swamp:2  | Reached skill level 5 in Armour
 80395 | Swamp:2  | Gained mutation: You regenerate a lot of health from kills.
                  | [demonic ancestry]
 80395 | Swamp:2  | Reached XP level 16. HP: 109/137 MP: 35/35
 82827 | Swamp:2  | Noticed a thorn hunter
 83550 | Swamp:3  | Noticed a thorn hunter
 83561 | Swamp:3  | Killed a thorn hunter
 83562 | Swamp:3  | Reached skill level 16 in Spellcasting
 86280 | Swamp:3  | Reached skill level 5 in Evocations
 86726 | Swamp:3  | Found a runed translucent door.
 86728 | Swamp:3  | Identified the +9 trident "Kouhu" {protect, rF+ rN+ Dex+2}
 86730 | Swamp:3  | Noticed Feesont's ghost (adept HuWr)
 87173 | Lair:2   | Killed hitsuchi's ghost
 87280 | Swamp:4  | Entered Level 4 of the Swamp
 87467 | Swamp:4  | Identified the +8 chain mail of Sloth {Fly Str+6}
 87662 | Swamp:4  | Reached skill level 10 in Conjurations
 90947 | Swamp:4  | Reached skill level 5 in Fire Magic
 94191 | Swamp:4  | Got a decaying rune of Zot
 94492 | Swamp:4  | Gained mutation: You are completely covered in razor-sharp
                  | scales. (AC +3, Slay +3) [demonic ancestry]
 94492 | Swamp:4  | Reached XP level 17. HP: 91/144 MP: 26/37
 95413 | Vaults:1 | Entered Level 1 of the Vaults
 96892 | D:2      | Bought a book of Spectacle for 624 gold pieces
 97090 | Orc:2    | Bought a +6 ring of intelligence for 540 gold pieces
 97097 | Orc:2    | Learned a level 6 spell: Starburst
 99032 | Vaults:1 | Found Watuc's Magic Scroll Boutique.
 99911 | Vaults:1 | Reached skill level 10 in Fire Magic
100524 | Vaults:2 | Reached skill level 1 in Shapeshifting
102586 | Vaults:2 | Reached skill level 5 in Shapeshifting
103704 | Vaults:2 | Noticed Boris
104875 | D:14     | Killed Roxanne
105122 | Elf:1    | Entered Level 1 of the Elven Halls
106315 | Elf:1    | Reached XP level 18. HP: 151/151 MP: 27/38
106423 | Elf:1    | Acquired the +5 pair of boots of Sitonkoe {rPois rN+}
107309 | Elf:2    | Found Sycseurr's General Store.
107479 | Elf:2    | Paralysed by an air elemental for 1 turns
107776 | Elf:2    | Paralysed by an air elemental for 1 turns
109206 | Elf:2    | Reached skill level 10 in Shapeshifting
110587 | Elf:2    | Found a runed translucent gate.
110587 | Elf:2    | Found a runed translucent gate.
110591 | Elf:2    | Found a runed translucent gate.
110723 | Elf:3    | Entered Level 3 of the Elven Halls
112640 | Elf:3    | Identified the orb "Mirghosapt" {guile, Dex-5 Slay+3 Hexes}
115791 | Elf:3    | Identified the +8 mace "Wubuvew" {venom, rCorr Dex+3}
116433 | Elf:3    | Identified the ring of Beogh's Inspiration {Fly Will- Str-2
                  | Int+6 Stlth+}
116536 | Elf:3    | Identified the +0 scale mail of Qiuhimo {rPois rC- Int+5}
117694 | Elf:3    | Identified the +5 scale mail of Seot {Str+5 Int+4 Dex-3}
119534 | Elf:3    | Identified the +6 halberd of the Maze {venom, rElec rF+
                  | Str+6}
122081 | Elf:3    | Got Sif Muna's Cyclopedia of Twisted Stones
122082 | Elf:3    | Identified the staff of Honour {rF+ rC+ rN+ rCorr Int-5
                  | Dex+3 Ice}
122098 | Elf:3    | Got Umpedap's Dissertation on Excruciating Hoarfrost
122124 | Elf:3    | Glimpsed the power of Zot.
122283 | Elf:2    | Bought a scroll of blinking for 105 gold pieces
122283 | Elf:2    | Bought a potion of invisibility for 112 gold pieces
122283 | Elf:2    | Bought a potion of heal wounds for 70 gold pieces
122283 | Elf:2    | Bought a wand of paralysis (8) for 268 gold pieces
123207 | Vaults:2 | Found Wohineddyn's Armour Shoppe.
123220 | Vaults:2 | Bought the +2 leather armour of Objectivity {rN+ Will+
                  | Str-4} for 367 gold pieces
123826 | Vaults:2 | Blown up by Boris

Illustrated notes

Levels and vault maps discovered:
D:1:      eino_arrival_cavern_b, layout_basic, ebering_ecumenical_altar_box,
          serial_shops, nicolae_shop_stone, serial_bayou_ford_a
D:2:      layout_basic, serial_shops, nicolae_book_shop_shelving,
          minmay_diced_spiral
D:3:      layout_rooms, mainiacjoe_overflow_cross_hatched
D:4:      kennysheep_slugbush, layout_basic, kennysheep_mini
D:5:      layout_layer_cave, lemuel_blue_sif_altar, uniq_blork_the_orc
D:6:      layout_loops_ring, minmay_temple_entry_junction_2, serial_shops, shop,
          minmay_quadrilaterals, uniq_maggie
D:7:      layout_rooms, minitemple, serial_bayou, serial_bayou_pond_c,
          serial_bayou_pond_e, serial_bayou_pond_b, serial_bayou_crossing,
          minmay_misc_feat_x, minmay_tree_intersection, uniq_maurice
D:8:      layout_gridville, serial_shops, shop, uniq_grum
D:9:      layout_loops_corners, pdpol_wu_jian_five_deadly_venoms,
          marbit_many_paths, mainiacjoe_overflow_small_starburst, serial_shops,
          nicolae_shop_overgrown_old_shop, enter_bailey_3,
          minmay_hollow_rounded_squares
D:10:     layout_long_grid, mainiacjoe_overflow_brackets,
          chequers_temple_overflow_minitemple, david_orc_2, uniq_erica
D:11:     layout_cave_pods, minmay_lair_entry_lava,
          gammafunk_ghost_abyssal_escape, minmay_circle_x
D:12:     layout_long_grid, nicolae_elevator_lobby_asterisk, uniq_gastronok,
          uniq_jorgrun
D:13:     layout_loops_ring, nzn_ghost_randoct
D:14:     layout_cave_pools, david_vaults_2, basic_altar, enter_trove_2,
          lightli_church_of_beogh, uniq_roxanne
D:15:     grunt_enter_depths_magical_seal, layout_basic,
          nicolae_vehumet_radiance, uniq_rupert
Temple:   nicolae_temple_two_arcs
Lair:1:   layout_chaotic_city, grunt_megastairs_5, infiniplex_staircase_pool
Lair:2:   gammafunk_indiana_jones, layout_regular_city,
          nicolae_spider_entry_tight_spaces, gammafunk_ghost_grave,
          cheibrodos_lair_reptile_den
Lair:3:   layout_hall_layers, nicolae_swamp_entry_spooky, hibernation_bobbens
Lair:4:   layout_cellular_growth, slime_entry_1
Lair:5:   minmay_lair_end_frog_pond, layout_loops_ring
Swamp:1:  layout_falls_marsh, evilmike_swamp_ruin_rubble_1
Swamp:2:  nzn_winding_woodlands_small [nzn_winding_woodlands_5x15_split_checker,
          nzn_winding_woodlands_center_lodge,
          nzn_winding_woodlands_5x15_river_crossing], layout_basic_swamp,
          evilmike_swamp_ruin_house_2, swamp_pool_1_2
Swamp:3:  layout_basic_swamp, ebering_ghost_funeral_grove,
          hangedman_swamp_ruin_wall
Swamp:4:  swamp, layout_basic_swamp
Orc:1:    layout_caves, mines1_david
Orc:2:    st_orc_ogre_mass, layout_caves, regret_index_minedec_devilstone,
          minmay_orc_temple_b
Elf:1:    layout_gridlike, hangedman_elven_crosses_minicolossus
Elf:2:    nicolae_elf_blades_splatter_lattice [nicolae_blade_little_rooms],
          layout_onion_city, serial_shops, shop
Elf:3:    minmay_elf_hall_statues, layout_gridlike, lemuel_flame_loot_1
Vaults:1: nicolae_vaults_double_plus_3, nicolae_vaults_circle_grid_a,
          v_pattern_4, nicolae_vaults_tetromino_L_1,
          nicolae_vaults_storage_closets_2,
          serial_library_regret_index_small_wings,
          nicolae_vaults_shrinking_rooms_1, layout_vaults_omnigrid,
          serial_shops, shop
Vaults:2: ontoclasm_vaults_ligature, minmay_crypt_entry_skeletal_spiral,
          grunt_vaults_focal, nicolae_vaults_hallways_thing, v_rooms_2,
          v_misc_29, nicolae_vaults_taking_the_gang_shopping,
          nicolae_vaults_closet_pinwheel_2, hangedman_vaults_slice,
          ontoclasm_vaults_decontamination, nicolae_vaults_cochlea,
          nicolae_vaults_little_squares_3, nicolae_vaults_wine_cellar,
          layout_vaults_ring, serial_shops, nicolae_shop_getting_attention,
          uniq_boris, uniq_mara

Skill      XL: |  1  2  3  4  5  6  7  8  9 10 11 12 13 14 15 16 17 18 |
---------------+-------------------------------------------------------+-----
Polearms       | 3 |  3.4
Spellcasting   | 2 3 7 8 9 11 13 15 16 | 16.0
Conjurations   | 2 3 4 7 9 11 | 11.0
Earth Magic    | 2 4 6 7 9 |  9.0
Shields        | 5 |  5.0
Dodging        | 3 5 |  5.2
Fighting       | 4 7 9 11 | 11.2
Stealth        | 1 2 3 4 |  4.1
Evocations     | 1 2 3 5 |  5.0
Necromancy     | 9 |  9.0
Armour         | 2 3 5 |  5.5
Ice Magic      | 5 7 |  7.0
Air Magic      | 4 7 |  7.0
Fire Magic     | 6 10 | 10.0
Shapeshifting  | 7 13 | 13.0

Action                     |  1- 3 |  4- 6 |  7- 9 | 10-12 | 13-15 | 16-18 || total
---------------------------+-------+-------+-------+-------+-------+-------++-------
  Melee: Spear             |    25 |     3 |       |       |       |       ||    28
         Dagger            |    39 |    16 |    28 |    58 |       |       ||   141
         Tailslap          |       |       |     2 |    23 |    16 |     2 ||    43
         Staff             |       |       |     5 |     4 |    40 |    10 ||    59
         Falchion          |       |       |       |    31 |       |     7 ||    38
         Trident           |       |       |       |     9 |       |       ||     9
         Whip              |       |       |       |    19 |    16 |     1 ||    36
  Throw: Boomerang         |       |       |       |    15 |     2 |     9 ||    26
         Dart              |       |       |       |     1 |     2 |       ||     3
         Javelin           |       |       |       |       |     5 |     1 ||     6
   Cast: Scorch            |    22 |    71 |    13 |    29 |       |       ||   135
         Stone Arrow       |       |    21 |   167 |   277 |   137 |    45 ||   647
         Borgnjor's Vile C |       |       |       |   153 |   476 |   449 ||  1078
         Passwall          |       |       |       |     1 |     7 |       ||     8
         Ozocubu's Armour  |       |       |       |       |    20 |    11 ||    31
         Hailstorm         |       |       |       |       |    17 |       ||    17
         Dispel Undead     |       |       |       |       |    21 |    11 ||    32
         Sublimation of Bl |       |       |       |       |    42 |    90 ||   132
         Freezing Cloud    |       |       |       |       |   165 |   285 ||   450
         Swiftness         |       |       |       |       |     8 |     3 ||    11
         Starburst         |       |       |       |       |       |    42 ||    42
 Invoke: Fiery Armour      |       |     1 |       |     4 |     2 |     1 ||     8
         Foxfire Swarm     |       |     1 |       |       |       |       ||     1
  Evoke: Wand              |       |       |       |       |     2 |       ||     2
    Use: Scroll            |       |     7 |     6 |    10 |    15 |     3 ||    41
         Potion            |       |       |     1 |     1 |     1 |     1 ||     4
   Stab: Sleeping          |     2 |       |       |     2 |       |       ||     4
 Armour: Robe              |    29 |    58 |    46 |       |       |       ||   133
         Steam dragon scal |       |       |    54 |   273 |   438 |       ||   765
         Acid dragon scale |       |       |       |       |    68 |   298 ||   366
         Leather armour    |       |       |       |       |       |    16 ||    16
  Dodge: Dodged            |    33 |    45 |    56 |   183 |   225 |   105 ||   647
  Block: Buckler           |       |       |     6 |   111 |   132 |    57 ||   306
